 Dungeon Crawl Stone Soup version 0.26-a0-660-gc07710193c (webtiles) character file.

Game seed: 15363981566904893917

107 Roikka the Chopper (level 4, 0/41 HPs)
             Began as a Hill Orc Monk on Oct 8, 2020.
             Succumbed to a goblin's poison
             ... on level 3 of the Dungeon.
             The game lasted 00:07:14 (2822 turns).

Roikka the Chopper (Hill Orc Monk)                  Turns: 2822, Time: 00:07:14

Health: 0/41       AC:  6    Str: 14    XL:     4   Next: 86%
Magic:  4/4        EV: 11    Int: 10    God:
Gold:   98         SH:  0    Dex: 13    Spells: 3/3 levels left

rFire    . . .     SeeInvis .   a - +0 hand axe
rCold    . . .     Faith    .   (no shield)
rNeg     . . .     Spirit   .   h - +1 ring mail
rPois    .         Reflect  .   (no helmet)
rElec    .         Harm     .   (no cloak)
rCorr    .         Rampage  .   (no gloves)
MR       .....                  (no boots)
Stlth    +.........             (no amulet)
HPRegen  0.13/turn              (no ring)
MPRegen  0.09/turn              (no ring)

@: lethally poisoned (0 -> -43)
A: no striking features
a: no special abilities


You were on level 3 of the Dungeon.
You visited 1 branch of the dungeon, and saw 3 of its levels.

You collected 98 gold pieces.

Inventory:

Hand Weapons
 a - a +0 hand axe (weapon)
Missiles
 d - a throwing net (quivered)
Armour
 h - a +1 ring mail (worn)
Jewellery
 f - an uncursed ring of fire
Scrolls
 b - 2 scrolls of enchant armour
 c - 2 scrolls of identify
 g - a scroll of magic mapping
 l - a scroll of remove curse
Potions
 e - a potion of stabbing {unknown}
 i - a potion of ambrosia {unknown}
 k - a potion of heal wounds
 m - a potion of haste {unknown}
 n - 2 potions of curing {unknown}


   Skills:
 + Level 4.7 Fighting
 * Level 5.5 Axes
 + Level 2.3 Armour
 - Level 2.4 Dodging
 - Level 1.5 Stealth


You had 3 spell levels left.
You didn't know any spells.
Your spell library was empty.

Dungeon Overview and Level Annotations

Branches:
Dungeon (3/15)

Altars:

Annotations:
D:3 Grinder


Message History

You feel much better.
You feel sick. The goblin hits you but does no damage.
You are more poisoned.
You feel sick.
You feel very sick.
You closely miss the goblin.
You feel sick.
The goblin hits you with a +1 dagger of venom.
* * * LOW HITPOINT WARNING * * *
You are more poisoned.
You closely miss the goblin.
* * * LOW HITPOINT WARNING * * *
You feel very sick. The goblin hits you but does no damage.
You are more poisoned.
You barely miss the goblin.
* * * LOW HITPOINT WARNING * * *
You feel very sick. The goblin hits you but does no damage.
You are more poisoned.
You completely miss the goblin.
You die...

#........ ####..... #.....
#..... #..... #..... #.....
######### #.....
*****#...g@..# #####.
*,,,##...##..# #.
****,,,#8...8#..#############.
*,,,,,,##...##........).(((((.
*>,,,,,*#...##................
*,**,,,##...##...############.
*,**,,,#8...8#...#*,,,,,* *,..
*,**,,,##...##...#*,,,,,* **#.
*,*****#.....##..#*,,,,,* #.


You could see a goblin.

Vanquished Creatures
  3 adders
  An ooze (D:1)
  4 dart slugs
  2 leopard geckos
  6 orcs
  9 bats
  3 giant cockroaches
  8 goblins
  5 hobgoblins
  5 kobolds
  5 frilled lizards
  8 rats
59 creatures vanquished.

Notes
Turn   | Place    | Note
-------+----------+-------------------------------------------
     0 | D:1      | Roikka the Hill Orc Monk began the quest for the Orb.
     0 | D:1      | Reached XP level 1. HP: 19/19 MP: 1/1
   244 | D:1      | Reached XP level 2. HP: 26/27 MP: 2/2
   271 | D:1      | Reached skill level 1 in Armour
   481 | D:1      | Reached XP level 3. HP: 28/33 MP: 3/3
  1467 | D:2      | Reached skill level 5 in Axes
  1467 | D:2      | Reached XP level 4. HP: 30/41 MP: 4/4
  2802 | D:3      | Noticed Grinder
  2803 | D:3      | Paralysed by Grinder for 7 turns
  2822 | D:3      | Succumbed to a goblin's poison

Illustrated notes

Levels and vault maps discovered:
D:1:      doesnt_arrival_eight_statues, layout_basic
D:2:      layout_loops_cross
D:3:      minmay_wonky_spiral, layout_basic, serial_corexii_hall,
          chequers_hall_statues_y, corexii_hall_statues_i,
          corexii_hall_statues_deadend, uniq_grinder

Skill      XL: |  1  2  3 |
---------------+----------+-----
Armour         | 1 2 |  2.3
Fighting       | 4 |  4.7
Axes           | 5 |  5.5
Dodging        | |  2.4
Stealth        | |  1.5

Action                   |  1- 3 |  4- 6 || total
-------------------------+-------+-------++-------
Melee: Hand axe          |   158 |    87 ||   245
  Use: Scroll            |       |     8 ||     8
       Potion            |       |     1 ||     1
 Stab: Sleeping          |     4 |       ||     4
       Distracted        |     1 |       ||     1
Armor: Robe              |    13 |       ||    13
       Ring mail         |    41 |    39 ||    80
Dodge: Dodged            |   103 |    46 ||   149

Table legend: (Time is in decaauts)
 A = Elapsed time spent in this place.
 B = Non-inter-level travel time spent in this place.
 C = Inter-level travel time spent in this place.
 D = Time resting spent in this place.
 E = Time spent auto-exploring this place.
 F = Levels seen in this place.
 G = Mean time per level.
                   A        B        C        D        E       F      G
               +--------+--------+--------+--------+--------+-----+--------+
         Total |   2838 |   2710 |    128 |    361 |   1640 |   3 |  946.0 |
       Dungeon |   2838 |   2710 |    128 |    361 |   1640 |   3 |  946.0 |
               +--------+--------+--------+--------+--------+-----+--------+

Top non-repeatable levels by time:
     D:2: 1332 daAuts
     D:1: 1161 daAuts
     D:3: 344 daAuts
